 Dungeon Crawl Stone Soup version 0.32-a0-886-g41c5271027 (webtiles) character file.

Game seed: 1902379596434324256

26190 Bediveer the Severer (level 13, -8/123 HPs)
             Began as a Naga Fighter on Apr 2, 2024.
             Was an Initiate of Gozag.
             Mangled by a 13-headed hydra (9 damage)
             ... on level 5 of the Lair of Beasts.
             The game lasted 00:20:53 (16740 turns).

Bediveer the Severer (Naga Fighter)                Turns: 16740, Time: 00:20:54

Health: -8/123     AC: 28    Str: 23    XL:     13   Next: 24%
Magic:  13/13      EV:  8    Int: 10    God:    Gozag
Gold:   970        SH:  5    Dex: 19    Spells: 12/12 levels left

rFire   x . .        G - +0 broad axe (heavy)
rCold   + . .        c - +0 buckler
rNeg    . . .        N - +5 ring mail of Marbles {rElec}
rPois   +            C - +1 helmet {SInv}
rElec   +            e - +2 cloak
rCorr   +            (no gloves)
SInv    +            M - +3 barding of the Lion {rCorr Dex+3}
Will    +....        (no amulet)
Stlth   +            m - +6 ring of dexterity
HPRegen 0.40/turn    l - ring of ice
MPRegen 0.13/turn

%: no passive effects
@: very slow
A: AC +4, large, see invisible, deformed body, poison resistance, slowness 2,
spit poison 1, naga tail 2
a: Spit Poison, Renounce Religion, Potion Petition, Call Merchant, Bribe Branch


You were on level 5 of the Lair of Beasts.
You worshipped Gozag.
Gozag was pleased with you.
You visited 3 branches of the dungeon, and saw 17 of its levels.
You also visited: Bailey.

You collected 3254 gold pieces.
You spent 425 gold pieces at shops.
You paid 1859 gold pieces to Gozag.

Inventory:

Hand Weapons
 a - a +0 spectral war axe
 G - a +0 heavy broad axe (weapon)
Missiles
 f - 2 throwing nets
 g - 32 poisoned darts
 k - 2 javelins
 y - 6 datura-tipped darts
 J - 5 curare-tipped darts
 O - 11 boomerangs
Armour
 b - a +0 scale mail
 c - a +0 buckler (worn)
 e - a +2 cloak (worn)
 h - the -1 helmet of Prudence {Dex+3}
   (You took it off Robin on level 2 of the Dungeon)

   Dex+3:     It affects your dexterity (+3).
 o - a +0 chain mail
 C - a +1 helmet of see invisible (worn)
 M - the +3 barding of the Lion (worn) {rCorr Dex+3}
   (You acquired it in a bailey)

   Dex+3:     It affects your dexterity (+3).
   rCorr:     It protects you from acid and corrosion.
 N - the +5 ring mail of Marbles (worn) {rElec}
   (You found it in a bailey)

   rElec:     It insulates you from electricity.
Jewellery
 l - a ring of ice (right hand)
 m - a +6 ring of dexterity (left hand)
 n - an amulet of magic regeneration
 U - a ring of fire
 V - a ring of flight
Wands
 p - a wand of warping (23)
 B - a wand of charming (28)
 L - a wand of acid (1) (quivered)
 P - a wand of flame (4)
 Q - a wand of polymorph (8)
Scrolls
 r - 6 scrolls of poison
 s - 6 scrolls of teleportation
 t - 2 scrolls of amnesia
 u - 3 scrolls of vulnerability
 x - 2 scrolls of blinking
 A - 6 scrolls of identify
 I - a scroll of brand weapon
 K - 4 scrolls of revelation
 R - 5 scrolls of summoning
 S - 2 scrolls of enchant armour
Potions
 d - a potion of resistance
 i - 4 potions of magic
 j - 2 potions of brilliance
 q - 3 potions of haste
 v - 2 potions of attraction
 w - 3 potions of curing
 z - 2 potions of cancellation
 D - a potion of berserk rage
 E - 4 potions of enlightenment
 F - 2 potions of mutation
 H - 3 potions of lignification
 T - a potion of ambrosia


   Skills:
 - Level 10.1 Fighting
 * Level 16.3 Axes
 - Level 8.5 Armour
 + Level 5.1 Dodging
 - Level 2.6 Shields


You had 12 spell levels left.
You didn't know any spells.
Your spell library contained the following spells:

 Spells                   Type           Power      Damage    Failure   Level
 Apportation              Tloc           0%         N/A       56%         1
 Shock                    Conj/Air       0%         1d3       56%         1
 Jinxbite                 Hex            0%         N/A       71%         2
 Swiftness                Air            0%         N/A       90%         3
 Volatile Blastmotes      Fire/Tloc      0%         2d10      90%         3
 Airstrike                Air            0%         2d(0-16)  100%        4
 Anguish                  Hex/Necr       0%         N/A       100%        4
 Cause Fear               Hex            0%         N/A       100%        4
 Fulminant Prism          Conj/Alch      0%         3d5       100%        4
 Iskenderun's Mystic Bla Conj/Tloc 0%             2d3        (+2d1     100%        4
 Alistair's Intoxication  Alch           0%         N/A       100%        5
 Borgnjor's Vile Clutch   Necr/Erth      0%         N/A       100%        5
 Summon Forest            Summ/Tloc      0%         N/A       100%        5
 Summon Mana Viper        Hex/Summ       0%         N/A       100%        5
 Death Channel            Necr           0%         N/A       100%        6
 Eringya's Noxious Bog    Alch           0%         4d6       100%        6
 Summon Cactus Giant      Summ           0%         N/A       100%        6
 Enfeeble                 Hex            0%         N/A       100%        7
 Summon Hydra             Summ           0%         N/A       100%        7
 Animate Dead             Necr           Unusable   N/A       N/A         4

Dungeon Overview and Level Annotations

Branches:
Dungeon (12/15)            Temple (1/1) D:4            Lair (3/5) D:9
 Spider (0/4) Lair:2          Orc (0/2) D:11         Bailey (visited)
  Swamp: Lair:2-3    Shoals: Lair:2-3

Altars:
Ashenzari
Cheibriados
Dithmenos
Elyvilon
Fedhas
Gozag
Hepliaklqana
Kikubaaqudgha
Makhleb
Nemelex Xobeh
Okawaru
Qazlal
Ru
Sif Muna
Trog
Uskayaw
Vehumet
Wu Jian
Xom
Yredelemnul
Zin
The Shining One

Shops:
D:6 [   D:9 *   D:10 ?[   D:11 [(   Lair:2 =

Portals:
Trove: D:11 (give 10 potions of heal wounds)

Annotations:
D:4 3 runed translucent doors, TheMeInTeam's ghost, amateur MfAr


Innate Abilities, Weirdness & Mutations

Your serpentine skin is tough. (AC +4)
You have supernaturally acute eyesight. (SInv)
Armour fits poorly on your strangely shaped body.
Your system is resistant to poisons. (rPois)
You cover ground very slowly.
You can spit poison.
You can use your snake-like lower body to constrict enemies.


Message History

You are too injured to fight recklessly!
You are too injured to fight recklessly!
You are too injured to fight recklessly!
You are too injured to fight recklessly!
You are too injured to fight recklessly!
You are too injured to fight recklessly!
You slice one of the 11-headed hydra's heads off!
The ten-headed hydra grows two more!
You hit the 12-headed hydra.
The 12-headed hydra is severely wounded.
The 12-headed hydra bites you!
The 12-headed hydra bites you but does no damage.
You block the 12-headed hydra's attack. The 12-headed hydra bites you!
* * * LOW HITPOINT WARNING * * *
You block the 12-headed hydra's attack.
The 12-headed hydra bites you but does no damage.
The 12-headed hydra bites you!
* * * LOW HITPOINT WARNING * * *
The 12-headed hydra closely misses you.
The 12-headed hydra bites you but does no damage. x2
The 12-headed hydra closely misses you.
The 12-headed hydra bites you but does no damage.
You chop one of the 12-headed hydra's heads off!
The 11-headed hydra grows two more!
You slice the 13-headed hydra!!
The 13-headed hydra is almost dead.
The 13-headed hydra bites you but does no damage.
The 13-headed hydra bites you.
* * * LOW HITPOINT WARNING * * *
The 13-headed hydra closely misses you. The 13-headed hydra bites you!
* * * LOW HITPOINT WARNING * * *
The 13-headed hydra bites you.
* * * LOW HITPOINT WARNING * * *
The 13-headed hydra bites you but does no damage. x2
You block the 13-headed hydra's attack. The 13-headed hydra bites you.
* * * LOW HITPOINT WARNING * * *
The 13-headed hydra bites you but does no damage.
The 13-headed hydra closely misses you. The 13-headed hydra bites you.
* * * LOW HITPOINT WARNING * * *
The 13-headed hydra bites you!
You die...
Your body crumbles into a pile of gold.

#.............P....
~~.................
~..................
#..................
#..................
~~.................
~..................
#...............P..
#~....<....@.......
...........D..#.#.#
~..PP........#.##
~............##
............#
.........P##
..........
.........#


You could see a 13-headed hydra.

Vanquished Creatures
  An orc warlord (Bailey)
  A hydra (Lair:3)
  A two-headed ogre (D:10)
  A boulder beetle (Lair:2)
  A sea snake (Lair:5)
  3 ugly things
  4 black mambas
  A gargoyle (D:11)
  2 unseen horrors (D:11)
  7 komodo dragons
  A kobold demonologist (D:9)
  4 cane toads
  A troll (D:9)
  A polar bear (Lair:1)
  A troll (shapeshifter) (D:10)
  17 blink frogs
  2 shadows
  A wraith (D:11)
  A vampire (D:11)
  3 wyverns
  Eustachio (D:5)
  21 yaks
  2 wargs (D:11)
  3 basilisks
  A steam dragon (Lair:1)
  10 water moccasins
  3 hell hounds (D:10)
  A sky beast (D:5)
  8 orc warriors
  3 ice beasts (D:6)
  2 black bears
  3 ogres
  2 phantoms
  6 wolves
  5 centaurs
  Blork the orc (D:5)
  3 kobold brigands
  13 bullfrogs
  2 gnoll sergeants (D:9)
  7 scorpions
  5 wights (D:10)
  4 killer bees (D:5)
  5 howler monkeys
  2 electric eels (D:9)
  2 bombardier beetles
  2 jellies
  8 hounds
  11 orc priests
  A gnoll bouda (D:9)
  Jessica (D:2)
  4 iguanas
  A sleepcap (D:6)
  9 orc wizards
  Robin (D:2)
  16 gnolls
  13 adders
  A shadow imp (D:6)
  6 ufetubi
  3 dart slugs
  4 ribbon worms
  44 orcs
  5 giant cockroaches
  19 goblins
  4 hobgoblins
  8 jackals
  5 quokkas
  11 ball pythons
  4 bats
  2 frilled lizards
  22 kobolds
  2 rats (D:3)
376 creatures vanquished.

Vanquished Creatures (others)
  Crazy Yiuf (D:2)
  A goblin (D:2)
2 creatures vanquished.

Grand Total: 378 creatures vanquished

Notes
Turn   | Place    | Note
-------+----------+-------------------------------------------
     0 | D:1      | Bediveer the Naga Fighter began the quest for the Orb.
     0 | D:1      | Reached XP level 1. HP: 21/21 MP: 1/1
    84 | D:1      | Reached XP level 2. HP: 17/28 MP: 2/2
   280 | D:1      | Reached skill level 3 in Axes
   867 | D:2      | Reached XP level 3. HP: 23/34 MP: 3/3
   872 | D:1      | Reached skill level 4 in Axes
   965 | D:2      | Reached XP level 4. HP: 32/42 MP: 4/4
  1284 | D:2      | Identified the -1 helmet of Prudence {Dex+3}
  1284 | D:2      | Noticed Robin
  1297 | D:2      | Killed Robin
  1454 | D:2      | Found a runed translucent door.
  1455 | D:2      | Noticed Crazy Yiuf
  1464 | D:2      | HP: 2/42 [Crazy Yiuf/rupture (9)]
  1469 | D:2      | Killed Crazy Yiuf
  1716 | D:2      | Noticed Jessica
  1721 | D:2      | Reached skill level 5 in Axes
  1721 | D:2      | Reached XP level 5. HP: 49/49 MP: 5/5
  1725 | D:2      | Killed Jessica
  1986 | D:2      | Found a faded altar of an unknown god.
  2643 | D:3      | Found a burning altar of Makhleb.
  3131 | D:4      | Reached XP level 6. HP: 55/56 MP: 6/6
  3141 | D:4      | Found a staircase to the Ecumenical Temple.
  3161 | Temple   | Entered the Ecumenical Temple
  3176 | Temple   | Became a worshipper of Gozag Ym Sagoz the Greedy
  3312 | D:4      | Reached skill level 6 in Axes
  3353 | D:4      | Found a runed translucent gate.
  3354 | D:4      | Found a runed translucent gate.
  3355 | D:4      | Found a runed translucent gate.
  3369 | D:4      | Noticed TheMeInTeam's ghost (amateur MfAr)
  3677 | D:4      | Found a glowing golden altar of the Shining One.
  4046 | D:5      | Entered Level 5 of the Dungeon
  4046 | D:5      | Noticed Eustachio
  4137 | D:5      | Reached XP level 7. HP: 63/63 MP: 7/7
  4176 | D:5      | Killed Eustachio
  4177 | D:5      | Reached skill level 7 in Axes
  4358 | D:5      | Reached XP level 8. HP: 70/73 MP: 8/8
  4553 | D:5      | Reached skill level 5 in Fighting
  4578 | D:5      | Found a hazy altar of Hepliaklqana.
  4581 | D:5      | Reached skill level 8 in Axes
  4583 | D:5      | Noticed Blork the orc
  4591 | D:5      | Killed Blork the orc
  4930 | D:5      | Noticed a shadow
  4940 | D:5      | Killed a shadow
  5287 | D:6      | Reached XP level 9. HP: 70/82 MP: 9/9
  5288 | D:6      | Reached skill level 9 in Axes
  5466 | D:6      | Reached skill level 5 in Armour
  5738 | D:6      | Found Meklilewa's Antique Armour Emporium.
  5741 | D:6      | Bought a runed helmet for 180 gold pieces
  6019 | D:6      | Reached skill level 10 in Axes
  7135 | D:7      | Found a sacrificial altar of Ru.
  7216 | D:8      | Found a bloodstained altar of Trog.
  7235 | D:8      | Found a stormy altar of Qazlal.
  7258 | D:8      | Found a flagged portal.
  7271 | Bailey   | Entered a bailey
  7276 | Bailey   | Noticed an orc warlord
  7423 | Bailey   | Reached XP level 10. HP: 65/94 MP: 10/10
  7527 | Bailey   | Found a runed translucent gate.
  7529 | Bailey   | Found a runed translucent gate.
  7531 | Bailey   | Found a runed translucent gate.
  7539 | Bailey   | Identified the +1 leather armour of the Moon {rElec rF+
                  | rCorr Stlth+}
  7736 | Bailey   | HP: 3/141 [orc warlord/+3 battleaxe (24)]
  7737 | Bailey   | Killed an orc warlord
  7738 | Bailey   | Reached skill level 11 in Axes
  7974 | Bailey   | Acquired the +3 barding of the Lion {rCorr Dex+3}
  7987 | Bailey   | Identified the +5 ring mail of Marbles {rElec}
  8106 | D:8      | Identified the +4 dagger of the Wraith {spect, rC+ Str+4}
  9042 | D:9      | Reached skill level 12 in Axes
  9074 | D:9      | Found a staircase to the Lair.
  9231 | D:9      | Reached XP level 11. HP: 92/104 MP: 11/11
  9535 | D:9      | Found an iron altar of Okawaru.
  9535 | D:9      | Found a snail-covered altar of Cheibriados.
  9766 | D:10     | Entered Level 10 of the Dungeon
  9766 | D:10     | Found Xuiframu's Antique Armour Shoppe.
 10384 | D:10     | Found a glowing silver altar of Zin.
 10404 | D:10     | Noticed a two-headed ogre
 10417 | D:10     | Killed a two-headed ogre
 10763 | D:10     | Bought a scroll of identify for 28 gold pieces
 10763 | D:10     | Bought a scroll of fear for 56 gold pieces
 10763 | D:10     | Bought a scroll of summoning for 133 gold pieces
 10763 | D:10     | Bought a scroll of identify for 28 gold pieces
 10825 | D:11     | Found Uffaeg's Antique Armour Shop.
 10882 | D:11     | Reached skill level 13 in Axes
 11059 | D:11     | Found an iron altar of Okawaru.
 11121 | D:11     | Noticed a cyan ugly thing
 11131 | D:11     | Killed a cyan ugly thing
 11273 | D:11     | Found Dauloukk's Antique Weapon Boutique.
 11392 | D:11     | Found a staircase to the Orcish Mines.
 11974 | D:11     | Found a portal to a secret trove of treasure.
 12218 | D:12     | Noticed a cyan ugly thing
 12226 | D:12     | Killed a cyan ugly thing
 12327 | D:12     | Noticed a white ugly thing
 12575 | D:12     | Killed a white ugly thing
 12685 | D:12     | Noticed a skeletal warrior
 12686 | D:12     | Noticed a skeletal warrior
 12707 | D:12     | Noticed a skeletal warrior
 13200 | Lair:1   | Entered Level 1 of the Lair of Beasts
 13212 | Lair:1   | Reached XP level 12. HP: 56/116 MP: 12/12
 13397 | Lair:1   | Reached skill level 14 in Axes
 13657 | Lair:1   | Reached skill level 1 in Dodging
 13665 | Lair:1   | Reached skill level 10 in Fighting
 14609 | Lair:1   | Reached skill level 15 in Axes
 15199 | Lair:2   | Noticed a boulder beetle
 15203 | Lair:2   | Found a hole to the Spider Nest.
 15233 | Lair:2   | Killed a boulder beetle
 16157 | Lair:3   | Gained mutation: You can use your snake-like lower body to
                  | constrict enemies. [Naga growth]
 16157 | Lair:3   | Reached XP level 13. HP: 90/123 MP: 13/13
 16429 | Lair:3   | Reached skill level 16 in Axes
 16470 | Lair:3   | Reached skill level 5 in Dodging
 16579 | Lair:3   | You fall into a shaft and drop 2 floors!
 16579 | Lair:5   | Entered Level 5 of the Lair of Beasts
 16740 | Lair:5   | HP: 2/123 [13-headed hydra (6)]
 16740 | Lair:5   | Mangled by a 13-headed hydra

Illustrated notes

Levels and vault maps discovered:
D:1:      dpeg_arrival_simpleton_c, layout_basic
D:2:      layout_basic, dreamdust_ecumenical_altar_statues,
          minmay_misc_feat_tiny, uniq_jessica, uniq_crazy_yiuf_cottage,
          uniq_robin
D:3:      layout_basic, pf_just_have_faith, minmay_shallow_snake_nest
D:4:      layout_basic, general_overflow_altar,
          minmay_temple_entry_gardened_gates, gammafunk_ghost_necromancy
D:5:      layout_basic, nicolae_hepliaklqana_hazy_memory, st_stairs_13,
          uniq_blork_the_orc, uniq_eustachio
D:6:      layout_layer_cave, serial_shops, nicolae_shop_tiny_real_fake_doors,
          minmay_bent
D:7:      layout_basic, nicolae_ru_path_of_blood
D:8:      kennysheep_six_static_rooms, layout_basic, amcnicky_altar_gilded,
          bloody_trog, enter_bailey_6
D:9:      layout_rooms, jmf_multi_god_temple, erik_lair_island
D:10:     layout_rooms, zin_statuary, serial_shops, shop, minmay_rotating_lava
D:11:     layout_roguey, david_orc_1_choice, enter_trove_3, serial_shops, shop,
          nicolae_shop_pleasant_corner_grove, okawaru_trees_2
D:12:     layout_basic, hangedman_weighted_door
Temple:   hellmonk_temple_forest_ring
Lair:1:   layout_loops_ring, grunt_megastairs_4
Lair:2:   layout_cave_pods, nicolae_spider_entry_non_spiders,
          chequers_serial_rivers_marsh
Lair:3:   layout_cave_pods, elwin_shoals_entry_rooms, grunt_megastairs_3
Lair:5:   gammafunk_lair_ancient_temple, layout_hall_layers, minivault_19,
          nicolae_quartered_pool_super

Skill      XL: |  1  2  3  4  5  6  7  8  9 10 11 12 13 |
---------------+----------------------------------------+-----
Axes           | 3 4 5 6 7 8 10 12 13 15 16 | 16.3
Armour         | 3 4 5 7 8 |  8.5
Fighting       | 4 5 7 8 9 10 | 10.1
Dodging        | 4 5 |  5.1
Shields        | |  2.6

Action                     |  1- 3 |  4- 6 |  7- 9 | 10-12 | 13-15 || total
---------------------------+-------+-------+-------+-------+-------++-------
  Melee: War axe           |    64 |   130 |   204 |       |       ||   398
         Broad axe         |       |       |       |   477 |    50 ||   527
         Constrict         |       |       |       |       |    10 ||    10
  Throw: Boomerang         |       |       |       |    51 |       ||    51
         Dart              |       |       |       |     9 |       ||     9
         Javelin           |       |       |       |     1 |       ||     1
         Throwing net      |       |       |       |     1 |       ||     1
 Invoke: Call Merchant     |       |       |       |     3 |       ||     3
Ability: Spit Poison       |       |     2 |     1 |     6 |       ||     9
  Evoke: Wand              |       |       |       |     9 |     4 ||    13
    Use: Scroll            |     4 |     6 |     5 |    16 |       ||    31
         Potion            |       |     2 |     1 |     9 |       ||    12
   Stab: Distracted        |       |     1 |     2 |     8 |       ||    11
 Armour: Scale mail        |    82 |    56 |       |       |       ||   138
         Chain mail        |       |    51 |   180 |    10 |       ||   241
         Ring mail         |       |       |       |   581 |   137 ||   718
         Skin              |       |       |       |    12 |       ||    12
  Dodge: Dodged            |    31 |    33 |    47 |   180 |    41 ||   332
  Block: Buckler           |    21 |    22 |    63 |   158 |    30 ||   294

Table legend: (Time is in decaauts)
 A = Elapsed time spent in this place.
 B = Non-inter-level travel time spent in this place.
 C = Inter-level travel time spent in this place.
 D = Time resting spent in this place.
 E = Time spent auto-exploring this place.
 F = Levels seen in this place.
 G = Mean time per level.
                   A        B        C        D        E       F      G
               +--------+--------+--------+--------+--------+-----+--------+
         Total |  20759 |  19917 |    842 |   1596 |  15390 |  18 | 1153.3 |
       Dungeon |  15814 |  15150 |    664 |   1550 |  11556 |  12 | 1317.8 |
        Temple |     40 |      1 |     39 |      0 |      0 |   1 |   40.0 |
          Lair |   3931 |   3793 |    138 |      0 |   3172 |   4 |  982.8 |
        Bailey |    973 |    973 |      0 |     46 |    661 |   1 |  973.0 |
               +--------+--------+--------+--------+--------+-----+--------+

Top non-repeatable levels by time:
    D:11: 2380 daAuts
  Lair:1: 1757 daAuts
     D:6: 1532 daAuts
     D:1: 1451 daAuts
     D:5: 1437 daAuts
     D:9: 1431 daAuts
     D:3: 1376 daAuts
     D:4: 1313 daAuts
  Lair:2: 1286 daAuts
     D:8: 1263 daAuts
    D:10: 1235 daAuts
     D:2: 1105 daAuts
  Bailey: 973 daAuts
     D:7: 884 daAuts
  Lair:3: 710 daAuts
